 Dungeon Crawl Stone Soup version 0.30.0-16-gbe6223bb7e (webtiles) character file.

Game seed: 16702092392199486075

1887 DemonSlayer the Digger (level 8, 0/55 HPs)
             Began as a Demonspawn Earth Elementalist on May 20, 2023.
             Was a Follower of Dithmenos.
             Killed from afar by Maggie (30 damage)
             ... with a bolt of fire
             ... on level 6 of the Dungeon.
             The game lasted 00:17:11 (7528 turns).

DemonSlayer the Digger (DsEE)                       Turns: 7528, Time: 00:17:12

Health: 0/55       AC: 10    Str:  9    XL:     8   Next: 92%
Magic:  0/16       EV: 13    Int: 16    God:    Dithmenos [*.....]
Gold:   944        SH:  0    Dex: 22    Spells: 2/18 levels left

rFire   . . .        b - +1 dagger (venom)
rCold   . . .        (no shield)
rNeg    . . .        q - +0 leather armour of Qasih {Rampage rPois Will-}
rPois   +            m - +0 hat
rElec   .            s - +0 cloak
rCorr   .            (gloves unavailable)
SInv    .            (no boots)
Will    .....        e - amulet of guardian spirit
Stlth   +++          c - +6 ring of dexterity
HPRegen 0.29/turn    h - +4 ring of protection
MPRegen 0.15/turn

%: guardian spirit, rampage
@: mighty, mesmerised, wreathed by umbra
A: claws 3, molten scales 1, powered by death 1
a: Renounce Religion


You were on level 6 of the Dungeon.
You worshipped Dithmenos.
Dithmenos was aware of your devotion.
You visited 2 branches of the dungeon, and saw 7 of its levels.

You collected 944 gold pieces.

Inventory:

Hand Weapons
 b - a +1 dagger of venom (weapon)
Missiles
 n - 6 curare-tipped darts
 B - a throwing net
Armour
 m - a +0 hat (worn)
 q - the +0 leather armour of Qasih (worn) {Rampage rPois Will-}
   (You took it off Sigmund on level 2 of the Dungeon)

   rPois:     It protects you from poison.
   Rampage:   It bestows one free step when moving towards enemies.
   Will:      It decreases your willpower.
 s - a +0 cloak (worn)
Jewellery
 c - a +6 ring of dexterity (left claw)
 e - an amulet of guardian spirit (around neck)
 h - a +4 ring of protection (right claw)
 x - a ring of protection from cold
Wands
 o - a wand of polymorph (6)
 w - a wand of paralysis (10)
Scrolls
 j - a scroll of magic mapping {unknown}
 k - a scroll of enchant weapon {unknown}
 r - 3 scrolls of teleportation
 t - a scroll of vulnerability {unknown}
 u - a scroll of amnesia {unknown}
 y - a scroll of torment {unknown}
 A - a scroll of fog
Potions
 d - 7 potions of curing
 f - a potion of haste
 g - 2 potions of attraction
 i - a potion of invisibility
 l - a potion of flight
 p - 2 potions of heal wounds
 z - a potion of lignification {unknown}
 C - a potion of degeneration {unknown}


   Skills:
 + Level 1.7 Fighting
 + Level 2.1 Short Blades
 + Level 1.0 Throwing
 + Level 2.9 Armour
 + Level 2.9 Dodging
 + Level 4.4 Stealth
 + Level 5.7 Spellcasting
 + Level 2.7 Conjurations
 + Level 0.8 Transmutations
 + Level 6.3 Earth Magic


You had 2 spell levels left.
You knew the following spells:

 Your Spells              Type           Power      Damage    Failure   Level
a - Sandblast             Erth           48%        2d12      1%          1
b - Stone Arrow           Conj/Erth      38%        3d9       9%          3
c - Petrify               Tmut/Erth      16%        N/A       41%         4
d - Mephitic Cloud        Conj/Pois/Air  7%         N/A       36%         3
e - Summon Guardian Gole  Hex/Summ       4%         N/A       50%         3
f - Passwall              Tmut/Erth      13%        N/A       7%          2

Your spell library contained the following spells:

 Spells                   Type           Power      Damage    Failure   Level
 Magic Dart               Conj           52%        1d5       6%          1
 Kiss of Death            Conj/Necr      32%        2d7       11%         1
 Apportation              Tloc           8%         N/A       19%         1
 Call Imp                 Summ           8%         N/A       28%         2
 Confusing Touch          Hex            4%         N/A       50%         3
 Dispel Undead            Necr           4%         3d7       88%         4
 Alistair's Intoxication  Tmut/Pois      3%         N/A       99%         5
 Orb of Destruction       Conj           6%         9d6       100%        7
 Spellforged Servitor     Conj/Summ      4%         N/A       100%        7


Dungeon Overview and Level Annotations

Branches:
Dungeon (6/15)             Temple (1/1) D:4

Altars:
Ashenzari
Cheibriados
Dithmenos
Gozag
Hepliaklqana
Nemelex Xobeh
Okawaru
Qazlal
Ru
Sif Muna
Trog
Uskayaw
Vehumet
Wu Jian
Xom
Yredelemnul

Annotations:
D:6 Maggie
Temple 2 transporters


Innate Abilities, Weirdness & Mutations

You have claws for hands.
You are partially covered in molten scales. (AC +2)
You regenerate a little health from kills.


Message History

Maggie is heavily wounded.
The adder hisses angrily.
Maggie closely misses you.
You hit Maggie but do no damage.
Maggie is poisoned.
Maggie is heavily wounded.
Maggie casts a spell at you. The bolt of fire misses you.
You hit Maggie but do no damage.
Maggie looks as sick as possible!
Maggie is heavily wounded.
Maggie closely misses you.
You hit Maggie but do no damage.
Maggie is heavily wounded.
Maggie casts a spell at you. The bolt of fire hits you!
You don't have enough magic to cast this spell.
Unknown command.
You don't have enough magic to cast this spell.
You completely miss Maggie.
Maggie is heavily wounded.
Maggie hits you with a +1 broad axe of flaming.
Maggie burns you. The adder misses you.
You hit Maggie but do no damage.
Maggie looks as sick as possible!
Maggie is heavily wounded.
The adder bites you but does no damage.
Maggie hits you with a +1 broad axe of flaming.
Maggie burns you.
You feel very mighty all of a sudden. The adder bites you.
Maggie mumbles some strange words.
Maggie draws you further into her thrall.
You hit Maggie.
Maggie looks as sick as possible!
Maggie is severely wounded.
The adder closely misses you. Maggie barely misses you.
You hit Maggie.
Maggie looks as sick as possible!
You claw Maggie!
Maggie is almost dead.
The adder bites you but does no damage. Maggie casts a spell at you.
The bolt of fire hits you!!
Ouch! That really hurt!
You die...

....#. .....## #.[. #.....
#..#...####... #####.#..###
#...##........ #..........#
#...###.......
#..........###...##........
.......>..[................
.....................>.....
######...S@................
#...##@................
#[.##..............####
#......>.##...##....# #
.......##..########..####
......## ##...............
..#..# #########......
..... ###.....### ..
#...#...... #.##..#####


You could see Maggie (mesmerising, extremely poisoned) and an adder.

Vanquished Creatures
  Sigmund (D:2)
  Eustachio (D:5)
  Menkaure (D:6)
  Edmund (D:5)
  Duvessa (D:5)
  3 ogres
  A bullfrog (D:6)
  5 wights
  Dowan (D:5)
  An oklob sapling (D:4)
  2 howler monkeys (D:5)
  2 hounds (D:5)
  2 jellies
  An orc priest (D:5)
  A sleepcap (D:5)
  4 iguanas
  2 orc wizards
  2 gnolls
  5 adders
  A shadow imp (D:5)
  3 ufetubi
  A worm (D:4)
  3 dart slugs
  13 orcs
  7 ball pythons
  7 endoplasms
  6 giant cockroaches
  6 goblins
  5 hobgoblins
  4 jackals
  7 kobolds
  5 quokkas
  9 bats
  6 frilled lizards
  9 rats
  3 butterflies (D:5)
132 creatures vanquished.

Notes
Turn   | Place    | Note
-------+----------+-------------------------------------------
     0 | D:1      | DemonSlayer the Demonspawn Earth Elementalist began the
                  | quest for the Orb.
     0 | D:1      | Reached XP level 1. HP: 13/13 MP: 3/3
   167 | D:1      | Reached skill level 3 in Earth Magic
   268 | D:1      | Gained mutation: You regenerate a little health from kills.
                  | [demonic ancestry]
   268 | D:1      | Reached XP level 2. HP: 7/19 MP: 1/5
   621 | D:1      | Gained mutation: You are partially covered in molten
                  | scales. (AC +2) [demonic ancestry]
   621 | D:1      | Reached XP level 3. HP: 24/24 MP: 0/6
   791 | D:2      | Noticed Sigmund
   816 | D:1      | Learned a level 3 spell: Stone Arrow
  1287 | D:2      | Identified the +0 leather armour of Qasih {Rampage rPois
                  | Will-}
  1650 | D:3      | Found a faded altar of an unknown god.
  1830 | D:3      | Gained mutation: You have sharp fingernails. [demonic
                  | ancestry]
  1830 | D:3      | Reached XP level 4. HP: 30/30 MP: 6/8
  2159 | D:3      | Reached skill level 4 in Earth Magic
  2287 | D:3      | Gained mutation: You have very sharp fingernails. [demonic
                  | ancestry]
  2287 | D:3      | Reached XP level 5. HP: 35/35 MP: 6/9
  2355 | D:3      | You fall into a shaft and drop 1 floor!
  2455 | D:4      | Found a staircase to the Ecumenical Temple.
  2474 | D:4      | HP: 1/35 [oklob sapling/splash of acid (17)]
  3388 | D:4      | Found a sacrificial altar of Ru.
  3392 | D:4      | Found a basalt altar of Yredelemnul.
  3397 | D:4      | Identified the +2 robe of Ru's Whim {+Blink rC+ rN+ Slay-2}
  3554 | D:4      | Noticed an ogre
  3558 | D:4      | Killed an ogre
  3559 | D:4      | Gained mutation: You have claws for hands. [demonic
                  | ancestry]
  3559 | D:4      | Reached XP level 6. HP: 41/41 MP: 6/12
  3650 | D:4      | Found a shimmering blue altar of Sif Muna.
  3760 | D:4      | Found an ornate altar of the Wu Jian Council.
  3760 | D:4      | Found a bloodstained altar of Trog.
  3760 | D:4      | Found a broken altar of Ashenzari.
  3884 | D:4      | Reached skill level 5 in Earth Magic
  3977 | Temple   | Entered the Ecumenical Temple
  3977 | Temple   | Found a transporter.
  3977 | Temple   | Found a transporter.
  3979 | Temple   | Found a transporter.
  3979 | Temple   | Found a transporter.
  3999 | Temple   | Became a worshipper of Dithmenos the Shadowed
  4469 | D:3      | Found a radiant altar of Vehumet.
  5113 | D:2      | Learned a level 4 spell: Petrify
  5117 | D:2      | Learned a level 3 spell: Mephitic Cloud
  5119 | D:2      | Identified a scroll of acquirement
  5120 | D:2      | Acquired 672 gold pieces
  5159 | D:2      | Killed Sigmund
  5160 | D:2      | Reached XP level 7. HP: 36/47 MP: 2/13
  5318 | D:5      | Entered Level 5 of the Dungeon
  5318 | D:5      | Noticed Eustachio
  5325 | D:5      | Killed Eustachio
  5492 | D:5      | Noticed Dowan
  5492 | D:5      | Noticed Duvessa
  5511 | D:5      | Killed Duvessa
  5512 | D:5      | Reached skill level 5 in Spellcasting
  5514 | D:5      | Killed Dowan
  5515 | D:5      | Reached skill level 1 in Short Blades
  5665 | D:5      | Reached skill level 1 in Armour
  5717 | D:5      | Reached skill level 1 in Throwing
  5717 | D:5      | Reached skill level 1 in Conjurations
  5717 | D:5      | Reached XP level 8. HP: 53/53 MP: 15/15
  5976 | D:5      | Reached skill level 1 in Fighting
  6196 | D:5      | Reached skill level 6 in Earth Magic
  6432 | D:5      | Reached * piety under Dithmenos
  6795 | D:5      | Learned a level 3 spell: Summon Guardian Golem
  6798 | D:5      | Learned a level 2 spell: Passwall
  6847 | D:6      | Noticed Edmund
  6859 | D:5      | Killed Edmund
  7482 | D:6      | Noticed Menkaure
  7485 | D:6      | Killed Menkaure
  7509 | D:6      | Noticed Maggie
  7528 | D:6      | Killed from afar by Maggie

Illustrated notes

Levels and vault maps discovered:
D:1:      minmay_arrival_loop, layout_rooms
D:2:      layout_loops_cross, minmay_quadrilaterals, uniq_sigmund
D:3:      minmay_razor_zed, layout_loops_ring, nicolae_elyvilon_peaceful_grove,
          lemuel_coloured_pillars_altar,
          shapermc_ecumenical_altar_mp_urbaneastern
D:4:      layout_loops_corners, overflow_temple_1_default,
          gammafunk_temple_overflow_claw, nicolae_overflow_hidden_temple,
          minmay_temple_entry_oklob, grunt_ministairs_14
D:5:      layout_loops_corners, hangedman_glass_garden, uniq_eustachio,
          uniq_duvessa
D:6:      layout_rooms, gammafunk_ghost_arena, kennysheep_generic_room_9,
          uniq_edmund, uniq_maggie, uniq_menkaure
Temple:   hellmonk_temple_divided_pantheon

Skill      XL: |  1  2  3  4  5  6  7  8 |
---------------+-------------------------+-----
Earth Magic    | 3 4 5 6 |  6.3
Stealth        | 2 3 4 |  4.4
Spellcasting   | 3 4 5 |  5.7
Dodging        | 2 |  2.9
Short Blades   | 1 2 |  2.1
Armour         | 1 2 |  2.9
Throwing       | 1 |  1.0
Conjurations   | 1 2 |  2.7
Fighting       | 1 |  1.7
Transmutations | |  0.8

Action                     |  1- 3 |  4- 6 |  7- 9 || total
---------------------------+-------+-------+-------++-------
  Melee: Dagger            |    53 |    33 |    75 ||   161
         Punch             |     1 |       |     2 ||     3
  Throw: Dart              |       |     5 |       ||     5
   Cast: Sandblast         |    55 |    69 |       ||   124
         Stone Arrow       |     2 |     5 |    38 ||    45
    Use: Scroll            |     3 |     4 |     3 ||    10
         Potion            |     1 |       |     2 ||     3
   Stab: Sleeping          |     4 |     4 |     8 ||    16
 Armour: Robe              |    42 |    32 |       ||    74
         Leather armour    |       |       |    29 ||    29
  Dodge: Dodged            |    70 |    29 |    47 ||   146
